 Dungeon Crawl Stone Soup version 0.29.1-15-g9cfb28693d (webtiles) character file.

Game seed: 10996866781299246183

22106 KyoPewz the Severer (level 12, -3/187 HPs)
             Began as a Hill Orc Berserker on Feb 26, 2023.
             Was a High Priest of Trog.
             Slain by a skeletal warrior
             ... wielding a +0 morningstar
              (8 damage)
             ... on level 13 of the Dungeon.
             The game lasted 00:53:51 (11822 turns).

KyoPewz the Severer (Hill Orc Berserker)           Turns: 11822, Time: 00:53:51

Health: -3/187     AC: 16    Str: 27    XL:     12   Next: 97%
Magic:  12/12      EV:  8    Int:  7    God:    Trog [*****.]
Gold:   955        SH:  0    Dex: 15    Spells: 11/11 levels left

rFire   . . .      SeeInvis .   a - +6 broad axe of Megalomania {vamp, *Rage Str+2 Dex+5}
rCold   + . .      Faith    .   (no shield)
rNeg    . . .      Spirit   .   Z - +0 plate armour
rPois   +          Reflect  .   r - +0 helmet
rElec   .          Harm     .   M - +0 cloak
rCorr   .          Rampage  .   (no gloves)
Will    .....      Rage     20% Q - +0 pair of boots
Stlth   ..........              m - amulet of the acrobat
HPRegen 0.41/turn               I - ring of poison resistance
MPRegen 0.13/turn               q - ring of protection from cold

@: berserking (expiring), very quick
A: no striking features
a: Renounce Religion, Berserk, Trog's Hand, Brothers in Arms


You were on level 13 of the Dungeon.
You worshipped Trog.
Trog was extremely pleased with you.
You visited 2 branches of the dungeon, and saw 14 of its levels.
You also visited: Sewer.

You collected 955 gold pieces.

Inventory:

Hand Weapons
 a - the +6 broad axe of Megalomania (weapon) {vamp, *Rage Str+2 Dex+5}
   (You found it on level 2 of the Dungeon)

   It occasionally heals its wielder for a portion of the damage dealt when it
   wounds a living foe.
   Str:       It affects your strength (+2).
   Dex:       It affects your dexterity (+5).
   *Rage:     It berserks you when you make melee attacks (+20% chance).
 b - the +8 war axe "Guc Beps" {elec, rElec rPois Dex-5 Stlth+}
   (You found it on level 5 of the Dungeon)

   It occasionally discharges a powerful burst of electricity upon striking a
   foe.
   Dex:       It affects your dexterity (-5).
   rElec:     It insulates you from electricity.
   rPois:     It protects you from poison.
   Stlth:     It makes you more stealthy.
 p - a +2 halberd of freezing
 R - a +2 vorpal hand axe
 W - a +3 scimitar of flaming
 Y - a +2 long sword of electrocution
Missiles
 d - 52 poisoned darts (quivered)
 z - 3 silver javelins
 G - 12 javelins
 L - a throwing net
Armour
 r - a +0 helmet (worn)
 M - a +0 cloak (worn)
 Q - a +0 pair of boots (worn)
 X - +0 acid dragon scales
 Z - a +0 plate armour (worn)
Jewellery
 m - an amulet of the acrobat (around neck)
 q - a ring of protection from cold (right hand)
 u - a ring of fire
 I - a ring of poison resistance (left hand)
 J - a ring of ice
Wands
 n - a wand of paralysis (26)
 t - a wand of digging (4)
 A - a wand of flame (6)
 C - a wand of roots (13)
 S - a wand of acid (6)
 V - a wand of mindburst (8)
Scrolls
 h - 4 scrolls of teleportation {unknown}
 i - 4 scrolls of vulnerability {unknown}
 l - 3 scrolls of blinking
 v - a scroll of magic mapping {unknown}
 x - 4 scrolls of fear
 y - 4 scrolls of noise {unknown}
 D - 3 scrolls of butterflies {unknown}
 H - a scroll of immolation {unknown}
 P - a scroll of poison {unknown}
 T - 2 scrolls of summoning {unknown}
 U - 5 scrolls of identify
Potions
 c - 5 potions of curing
 e - 3 potions of lignification {unknown}
 f - 7 potions of heal wounds
 g - a potion of cancellation {unknown}
 j - a potion of flight {unknown}
 k - 3 potions of brilliance {unknown}
 o - 2 potions of degeneration {unknown}
 s - 8 potions of might
 w - a potion of berserk rage {unknown}
 B - 6 potions of haste
 F - 4 potions of mutation {unknown}
 N - a potion of magic {unknown}
 O - 3 potions of resistance {unknown}


   Skills:
 * Level 17.3 Fighting
 + Level 18.5(18.6) Axes
 - Level 2.4(10.6) Maces & Flails
 * Level 6.4 Armour
 - Level 2.0 Dodging


You had 11 spell levels left.
You didn't know any spells.
Your spell library was empty.

Dungeon Overview and Level Annotations

Branches:
Dungeon (13/15)            Temple (1/1) D:7            Lair (0/5) D:8
    Orc (0/2) D:10          Sewer (visited)
 Vaults: D:13-14

Altars:
Ashenzari
Cheibriados
Dithmenos
Elyvilon
Fedhas
Gozag
Hepliaklqana
Kikubaaqudgha
Makhleb
Nemelex Xobeh
Okawaru
Qazlal
Ru
Sif Muna
Trog
Uskayaw
Vehumet
Wu Jian
Xom
Yredelemnul
Zin
The Shining One

Shops:
D:1 (   D:2 [   D:5 =   D:6 :

Annotations:
D:9 3 runed translucent doors, mindfreak's ghost, journeyman MiGl


Message History

The skeletal warrior is almost destroyed.
The skeletal warrior hits you with a +0 dire flail!!
* * * LOW HITPOINT WARNING * * *
You slice the skeletal warrior!!
You destroy the skeletal warrior!
Trog accepts your kill.
Your Armour skill increases to level 6!
The skeletal warrior hits you but does no damage.
The skeletal warrior misses you.
Things that are here:
a +0 dire flail; a vampire mosquito corpse; a vampire mosquito corpse You barely miss the skeletal warrior.
You hit the skeletal warrior but do no damage.
The skeletal warrior hits you with a +0 long sword.
* * * LOW HITPOINT WARNING * * *
The skeletal warrior hits you with a +0 battleaxe!
* * * LOW HITPOINT WARNING * * *
You feel a strong urge to attack something.
You open the skeletal warrior like a pillowcase!!!
The skeletal warrior is heavily damaged.
You slice the skeletal warrior!!
The skeletal warrior is almost destroyed.
The skeletal warrior hits you with a +0 long sword.
* * * LOW HITPOINT WARNING * * *
You slice the skeletal warrior!!
You feel the power of Trog in you as your rage grows.
You destroy the skeletal warrior!
Trog accepts your kill.
You slash the skeletal warrior!
The skeletal warrior is moderately damaged.
You barely miss the skeletal warrior.
The skeletal warrior is moderately damaged.
The skeletal warrior hits you with a +0 morningstar!
* * * LOW HITPOINT WARNING * * *
You closely miss the skeletal warrior.
The skeletal warrior is moderately damaged.
You hit the skeletal warrior.
The skeletal warrior is moderately damaged.
The skeletal warrior hits you with a +0 morningstar!
You die...

#..........#####
#.........^#...#
#..........#...#
#..........#...#
#....>.........#
#####..............#
.............)z....#
##.####.#.####z#...#
##.. #...# #@# ##
#..#.##..#####.#
............##.#
#....z†......#.#
...............##
..............<.#
................#
....$.<........##
..............##


You could see 2 skeletal warriors.

Vanquished Creatures
  Nessos (D:12)
  A hydra (D:11)
  Erica (D:9)
  2 boulder beetles
  3 two-headed ogres
  Urug (D:10)
  2 skeletal warriors (D:13)
  A deep elf zephyrmancer (D:10)
  A cyclops (D:12)
  4 ugly things
  A cyclops (shapeshifter) (D:13)
  A manticore (D:11)
  Maurice (D:12)
  A kobold demonologist (D:12)
  An efreet (D:11)
  A merfolk (D:10)
  5 trolls
  2 hornets
  Grinder (D:6)
  5 slime creatures
  Sigmund (D:5)
  3 wraiths
  A vampire (D:10)
  Grum (D:10)
  5 wyverns
  12 yaks
  5 hogs (D:12)
  A steam dragon (D:8)
  8 vampire mosquitoes
  Menkaure (D:5)
  3 acid dragons
  2 orc warriors
  An ice beast (D:4)
  2 black bears
  2 wolves (D:10)
  A centaur (D:8)
  2 sky beasts (D:7)
  3 ogres
  4 kobold brigands
  A necrophage (D:6)
  A bullfrog (D:7)
  A gnoll sergeant (D:12)
  3 scorpions
  4 wights (D:6)
  5 electric eels (D:12)
  2 howler monkeys (D:13)
  3 orc priests
  2 hounds (D:5)
  A jelly (D:6)
  3 iguanas
  8 orc wizards
  4 gnolls
  8 adders
  8 river rats
  2 shadow imps (D:7)
  A white imp (D:6)
  2 ufetubi
  3 worms
  2 dart slugs
  33 orcs
  4 bats
  5 endoplasms
  4 giant cockroaches
  2 goblins
  9 hobgoblins
  2 jackals (D:5)
  2 quokkas
  9 ball pythons
  4 frilled lizards
  34 kobolds
  33 rats
299 creatures vanquished.

Vanquished Creatures (others)
  Kirke (D:12)
  A kobold (D:10)
  A bat (D:1)
  A fungus (D:8)
  A plant (D:7)
5 creatures vanquished.

Grand Total: 304 creatures vanquished

Notes
Turn   | Place    | Note
-------+----------+-------------------------------------------
     0 | D:1      | KyoPewz the Hill Orc Berserker began the quest for the Orb.
     0 | D:1      | Reached XP level 1. HP: 19/19 MP: 1/1
   381 | D:1      | Reached XP level 2. HP: 23/27 MP: 2/2
   770 | D:1      | Found Rierphyom's Antique Weapon Boutique.
   810 | D:1      | Reached XP level 3. HP: 26/33 MP: 3/3
  1360 | D:2      | Identified the +6 broad axe of Megalomania {vamp, *Rage
                  | Str+2 Dex+5}
  1638 | D:2      | Reached ** piety under Trog
  1698 | D:2      | Reached XP level 4. HP: 41/41 MP: 4/4
  1859 | D:2      | Reached skill level 5 in Axes
  2051 | D:2      | Found Ciujyh's Antique Armour Shop.
  2332 | D:3      | Found a faded altar of an unknown god.
  2333 | D:3      | Noticed a shining eye
  2337 | D:3      | Noticed a golden eye
  2337 | D:3      | Noticed an eye of devastation
  2337 | D:3      | Noticed a shining eye
  3116 | D:4      | Reached skill level 5 in Fighting
  3116 | D:4      | Reached XP level 5. HP: 45/48 MP: 5/5
  3179 | D:4      | Noticed an ice beast
  3186 | D:4      | Killed an ice beast
  3187 | D:4      | Reached skill level 6 in Axes
  3187 | D:4      | Reached XP level 6. HP: 22/57 MP: 6/6
  3880 | D:5      | Entered Level 5 of the Dungeon
  3884 | D:5      | Identified the +8 war axe "Guc Beps" {elec, rElec rPois
                  | Dex-5 Stlth+}
  3894 | D:5      | Found Gaypoe's Jewellery Emporium.
  3955 | D:5      | Reached skill level 7 in Axes
  4001 | D:5      | Noticed Sigmund
  4008 | D:5      | Killed Sigmund
  4009 | D:5      | Reached skill level 8 in Axes
  4009 | D:5      | Reached XP level 7. HP: 63/63 MP: 7/7
  4014 | D:5      | Reached skill level 9 in Axes
  4040 | D:5      | Noticed Menkaure
  4046 | D:5      | Killed Menkaure
  4070 | D:5      | Reached skill level 10 in Axes
  4239 | D:5      | Reached XP level 8. HP: 70/70 MP: 8/8
  4339 | D:5      | Found an opulent altar of Gozag.
  4339 | D:5      | Found a shimmering blue altar of Sif Muna.
  4402 | D:6      | Found an ornate altar of the Wu Jian Council.
  4411 | D:6      | Reached skill level 11 in Axes
  4425 | D:6      | Found Koezid's Self-Improvement Boutique.
  4494 | D:6      | Reached *** piety under Trog
  4559 | D:6      | Reached skill level 12 in Axes
  4702 | D:6      | Noticed Grinder
  4706 | D:6      | Killed Grinder
  4707 | D:6      | Reached skill level 13 in Axes
  4729 | D:6      | Found a glowing drain.
  4737 | Sewer    | Entered a sewer
  4756 | Sewer    | Reached XP level 9. HP: 75/75 MP: 9/9
  4911 | Sewer    | Reached **** piety under Trog
  5475 | D:7      | Reached skill level 14 in Axes
  5595 | D:7      | Found a staircase to the Ecumenical Temple.
  5619 | Temple   | Entered the Ecumenical Temple
  6091 | D:8      | Reached skill level 15 in Axes
  6140 | D:8      | Noticed a hornet
  6151 | D:7      | Killed a hornet
  6327 | D:8      | Reached skill level 16 in Axes
  6344 | D:8      | Reached ***** piety under Trog
  6456 | D:8      | Reached XP level 10. HP: 83/83 MP: 10/10
  6554 | D:8      | Reached skill level 17 in Axes
  6609 | D:8      | Found a staircase to the Lair.
  7068 | D:9      | Found a runed translucent gate.
  7068 | D:9      | Found a runed translucent gate.
  7068 | D:9      | Found a runed translucent gate.
  7096 | D:9      | Noticed mindfreak's ghost (journeyman MiGl)
  7120 | D:9      | Noticed Erica
  7132 | D:9      | Killed Erica
  7133 | D:9      | Reached skill level 18 in Axes
  7764 | D:9      | Found a radiant altar of Vehumet.
  7770 | D:9      | Found an ancient bone altar of Kikubaaqudgha.
  7770 | D:9      | Found a broken altar of Ashenzari.
  7771 | D:9      | Found a white marble altar of Elyvilon.
  7772 | D:9      | Found a hazy altar of Hepliaklqana.
  7773 | D:9      | Found a sacrificial altar of Ru.
  7908 | D:10     | Entered Level 10 of the Dungeon
  7926 | D:10     | Noticed Urug
  7942 | D:10     | Killed Urug
  7943 | D:10     | Reached skill level 10 in Fighting
  7943 | D:10     | Reached XP level 11. HP: 50/101 MP: 11/11
  8330 | D:10     | Noticed Grum
  8340 | D:10     | Killed Grum
  8388 | D:10     | Noticed a deep elf zephyrmancer
  8394 | D:10     | Killed a deep elf zephyrmancer
  8447 | D:10     | Found a staircase to the Orcish Mines.
  8919 | D:11     | Noticed a five-headed hydra
  8929 | D:11     | Killed a one-headed hydra
  9059 | D:11     | Noticed a two-headed ogre
  9068 | D:11     | Killed a two-headed ogre
  9269 | D:11     | Noticed a two-headed ogre
  9274 | D:11     | Killed a two-headed ogre
  9639 | D:11     | Noticed a manticore
  9646 | D:11     | Killed a manticore
 10361 | D:12     | Noticed a boulder beetle
 10381 | D:12     | Killed a boulder beetle
 10382 | D:12     | Reached skill level 15 in Fighting
 10382 | D:12     | Reached XP level 12. HP: 49/121 MP: 12/12
 10554 | D:12     | Noticed Nessos
 10554 | D:12     | Noticed Kirke
 10574 | D:12     | Killed Kirke
 10582 | D:12     | Killed Nessos
 11455 | D:12     | Noticed Maurice
 11465 | D:12     | Killed Maurice
 11730 | D:13     | Noticed a boulder beetle
 11730 | D:13     | Noticed a two-headed ogre
 11735 | D:13     | a two-headed ogre changed into a shining eye
 11735 | D:13     | Noticed a two-headed ogre
 11741 | D:13     | Reached skill level 5 in Armour
 11744 | D:13     | Killed a two-headed ogre
 11768 | D:13     | Killed a boulder beetle
 11820 | D:13     | HP: 5/187 [skeletal warrior/+0 morningstar (7)]
 11822 | D:13     | Slain by a skeletal warrior

Illustrated notes

Levels and vault maps discovered:
D:1:      wander_arrival_peaceful_grave, layout_basic, serial_shops,
          nicolae_lakefront_shop, minmay_fountain_box
D:2:      layout_basic, serial_shops, nicolae_shop_window_shopping,
          minmay_divided_ellipse
D:3:      layout_basic, hellmonk_ecumenical_altar_watching_god,
          amcnicky_mini_pool_small
D:4:      layout_basic, minmay_misc_feat_x, kennysheep_another_room,
          minmay_misc_feat_roman
D:5:      layout_rooms, gammafunk_temple_overflow_wave, serial_shops, shop,
          uniq_menkaure, uniq_sigmund
D:6:      layout_basic, mainiacjoe_overflow_small_starburst,
          portal_sewer_entry_e, nicolae_shop_self_help, uniq_grinder
D:7:      nicolae_cairo_tiling, layout_rooms, minmay_temple_entry_gardened_gates
D:8:      layout_cave_pools, grunt_lair_entry_orc_guard_hut
D:9:      layout_loops_corners, minitemple, gammafunk_ghost_icy, uniq_erica
D:10:     layout_irregular_city, david_orc_2, minmay_holes,
          dreamdust_princess_corridor, nicolae_twisting_strands,
          hangedman_stone_soup, uniq_grum, uniq_urug
D:11:     layout_layer_cave
D:12:     layout_basic, mrwooster_statue_mirror, minmay_starry_boxes,
          uniq_kirke, uniq_nessos, uniq_maurice
D:13:     layout_rooms, hangedman_vaults_entry_quadrant_bands,
          portal_ice_cave_entry_pillars_1, gauntlet_entry_generic,
          minmay_rotating_lava, uniq_frances, uniq_erolcha, uniq_rupert
Temple:   compressed_dpeg_triangle_lava_temple

Skill      XL: |  1  2  3  4  5  6  7  8  9 10 11 12 |
---------------+-------------------------------------+-----
Fighting       | 4 5 6 10 15 17 | 17.3
Dodging        | 2 |  2.0
Axes           | 5 6 8 10 13 16 18 | 18.5
Maces & Flails | 2 |  2.4
Armour         | 6 |  6.4

Action                   |  1- 3 |  4- 6 |  7- 9 | 10-12 || total
-------------------------+-------+-------+-------+-------++-------
Melee: Hand axe          |    55 |       |       |       ||    55
       Broad axe         |    14 |    67 |   205 |   306 ||   592
       Punch             |     1 |       |     4 |     1 ||     6
       Scimitar          |       |       |       |     7 ||     7
       War axe           |       |       |       |    21 ||    21
Invok: Berserk           |     3 |     1 |     2 |     6 ||    12
       Trog's Hand       |       |       |     1 |     4 ||     5
       Brothers in Arms  |       |       |       |     1 ||     1
  Use: Scroll            |       |       |     7 |       ||     7
Armor: Animal skin       |    11 |     2 |       |       ||    13
       Ring mail         |       |    13 |     6 |       ||    19
       Chain mail        |       |       |    71 |    49 ||   120
       Acid dragon scale |       |       |       |     2 ||     2
       Plate armour      |       |       |       |    41 ||    41
Dodge: Dodged            |    56 |    33 |   116 |   142 ||   347
